 Dungeon Crawl Stone Soup version 0.18.1-6-gd335043 (webtiles) character file.

3621 mistymad the Fighter (level 9, -2/126 HPs)
             Began as a Minotaur Berserker on May 18, 2016.
             Was an Elder of Trog.
             Slain by a hill giant
             ... wielding a cursed -2 giant spiked club
              (11 damage)
             ... on level 10 of the Dungeon.
             The game lasted 00:15:15 (7965 turns).

mistymad the Fighter (Minotaur Berserker)           Turns: 7965, Time: 00:15:16

Health: -2/126     AC:  8    Str: 27    XL:     9   Next: 86%
Magic:  8/8        EV: 16    Int:  4    God:    Trog [****..]
Gold:   461        SH:  0    Dex: 13    Spells: 0 memorised, 8 levels left

rFire  . . .     SeeInvis .     A - +0 war axe
rCold  . . .     Gourm    .     H - +0 leather armour {rPois}
rNeg   . . .     Faith    .     (no shield)
rPois  +         Spirit   .     G - +2 hat
rElec  .         Dismiss  .     g - +0 cloak
rCorr  .         Reflect  .     P - +0 pair of gloves {archery}
SustAt .         Harm     .     (no boots)
MR     ++...                    (no amulet)
Stlth  ..........               (no ring)
                                (no ring)

@: berserking, regenerating, very quick, very resistant to hostile enchantments,
extremely unstealthy
A: retaliatory headbutt, horns 2
a: Berserk, Trog's Hand, Brothers in Arms, Burn Spellbooks, Renounce Religion


You were on level 10 of the Dungeon.
You worshipped Trog.
Trog was greatly pleased with you.
You were hungry.

You visited 2 branches of the dungeon, and saw 11 of its levels.

You collected 461 gold pieces.

Inventory:

Hand Weapons
 A - a +0 war axe (weapon)
Armour
 g - a +0 cloak (worn)
 G - a +2 hat (worn)
 H - a +0 leather armour of poison resistance (worn)
 P - a +0 pair of gloves of archery (worn)
 Q - a +0 plate armour
Jewellery
 a - an uncursed ring of flight {unknown}
 j - an uncursed ring of protection from cold {unknown}
 o - an uncursed ring of wizardry {unknown}
 q - an uncursed ring of fire {unknown}
 v - an uncursed ring of ice {unknown}
 E - a cursed ring of loudness {unknown}
 M - an uncursed ring of resist corrosion {unknown}
Scrolls
 e - 18 scrolls of identify {unknown}
 h - 5 scrolls of remove curse {unknown}
 i - 2 scrolls of random uselessness {unknown}
 k - 4 scrolls of amnesia {unknown}
 m - 3 scrolls of magic mapping {unknown}
 s - 4 scrolls of teleportation {unknown}
 w - a scroll of noise {unknown}
 x - a scroll of enchant armour {unknown}
 y - a scroll of blinking {unknown}
 z - 2 scrolls of fear {unknown}
 D - a scroll of enchant weapon {unknown}
 F - a scroll of immolation {unknown}
Potions
 b - a potion of berserk rage {unknown}
 f - 3 potions of flight {unknown}
 l - 2 potions of lignification {unknown}
 n - 2 potions of haste {unknown}
 r - a potion of mutation {unknown}
 t - a potion of brilliance {unknown}
 u - a potion of ambrosia {unknown}
 B - a potion of heal wounds {unknown}
 C - a potion of cancellation {unknown}
 J - 4 potions of curing {unknown}
 K - a potion of degeneration {unknown}
 L - a potion of invisibility {unknown}
Comestibles
 c - 10 bread rations
 d - 2 meat rations
 p - a royal jelly
 I - 9 slices of pizza
 N - 2 chunks of flesh
 O - a beef jerky


   Skills:
 + Level 9.4 Fighting
 + Level 9.0 Axes
 + Level 8.2 Armour
 + Level 8.4 Dodging
 - Level 1.5 Stealth


You had 8 spell levels left.
You didn't know any spells.

Dungeon Overview and Level Annotations

Branches:
Dungeon (10/15)            Temple (1/1) D:7
   Lair: D:8-11         Orc: D:9-12

Altars:
Ashenzari
Cheibriados
Dithmenos
Elyvilon
Fedhas
Gozag
Kikubaaqudgha
Makhleb
Nemelex Xobeh
Okawaru
Pakellas
Qazlal
Ru
Sif Muna
Trog
Vehumet
Xom
Yredelemnul
Zin
The Shining One

Shops:
D:8 (


Innate Abilities, Weirdness & Mutations

You reflexively headbutt those who attack you in melee.
You have a pair of horns on your head.


Message History

You completely miss the orc wizard. The orc wizard misses you.
You barely miss the hill giant.
The hill giant is moderately wounded.
You closely miss the orc wizard. The orc wizard misses you.
The hill giant hits you with a giant spiked club!!!
* * * LOW HITPOINT WARNING * * *
You are too injured to fight recklessly!
You slash the hill giant!
The hill giant is heavily wounded.
You hit the orc wizard.
The orc wizard is lightly wounded.
The orc wizard barely misses you.
Unknown command.
You hit the hill giant. Your headbutt misses the hill giant.
The hill giant is heavily wounded.
You hit the orc wizard.
The orc wizard is heavily wounded.
The orc wizard hits you but does no damage.
The hill giant hits you with a giant spiked club!
You die...

#############
##.....#.....##
##..........<..##
#...............#
#...............#
#...............####
#...................
#..........o@...###
##.........C...##
##.....>.....##
#######.##### #..#
##o# #.# #.# #.#


You could see a hill giant and an orc wizard.

Vanquished Creatures
  Psyche (D:9)
  Prince Ribbit (D:7)
  A wyvern (D:8)
  A human (D:9)
  2 hungry ghosts
  A water moccasin (D:7)
  An orc warrior (D:6)
  An ice beast (D:6)
  A black bear (D:8)
  A phantom (D:6)
  4 ogres
  2 centaurs
  The ghost of heinrich the Conjurer, an amateur OpCj (D:3)
  7 giant frogs
  2 howler monkeys
  3 crimson imps
  A centaur skeleton (D:9)
  2 giant frog skeletons
  4 orc priests
  6 hounds
  2 iguanas
  6 worker ants
  6 orc wizards
  2 hound skeletons
  A worker ant zombie (D:5)
  5 adders
  A shadow imp (D:6)
  2 adder skeletons
  2 worms
  2 dart slugs
  3 giant geckos
  21 orcs
  7 bats
  7 giant cockroaches
  2 goblins
  8 hobgoblins
  12 jackals
  4 quokkas
  A giant gecko skeleton (D:7)
  2 giant gecko zombies (D:5)
  5 giant newts
  2 gnoll zombies (D:3)
  6 kobolds
  6 rats
158 creatures vanquished.

Vanquished Creatures (others)
  A hound (D:7)
  A lightning spire (D:5)
  2 bushes (D:5)
4 creatures vanquished.

Grand Total: 162 creatures vanquished

Notes
Turn   | Place    | Note
--------------------------------------------------------------
     0 | D:1      | mistymad the Minotaur Berserker began the quest for the Orb.
     0 | D:1      | Reached XP level 1. HP: 19/19 MP: 0/0
    52 | D:1      | Reached XP level 2. HP: 11/27 MP: 1/1
   886 | D:2      | Reached ** piety under Trog
   983 | D:2      | Reached XP level 3. HP: 31/33 MP: 2/2
  1059 | D:2      | Found an iron altar of Okawaru.
  1442 | D:3      | Noticed heinrich's ghost (amateur OpCj)
  1451 | D:3      | Killed heinrich's ghost
  1451 | D:3      | Reached XP level 4. HP: 41/41 MP: 3/3
  1636 | D:3      | Reached skill level 1 in Stealth
  1725 | D:3      | Reached XP level 5. HP: 37/47 MP: 4/4
  2302 | D:3      | Found a basalt altar of Yredelemnul.
  2556 | D:4      | Reached skill level 5 in Fighting
  2556 | D:4      | Reached XP level 6. HP: 55/56 MP: 5/5
  2957 | D:4      | Found a deep blue altar of Sif Muna.
  3015 | D:4      | Reached skill level 5 in Axes
  3015 | D:4      | Reached skill level 5 in Dodging
  3225 | D:4      | Found a snail-covered altar of Cheibriados.
  3617 | D:5      | Entered Level 5 of the Dungeon
  3665 | D:5      | Reached XP level 7. HP: 60/62 MP: 6/6
  3883 | D:5      | Reached *** piety under Trog
  4172 | D:5      | Found an oddly glowing altar of Pakellas.
  4173 | D:5      | Noticed a deep elf knight
  4339 | D:6      | Reached skill level 5 in Armour
  4339 | D:6      | Reached XP level 8. HP: 57/71 MP: 7/7
  5132 | D:7      | Noticed Prince Ribbit
  5142 | D:7      | Killed Prince Ribbit
  5481 | D:7      | Found a sparkling altar of Nemelex Xobeh.
  5553 | D:7      | Reached XP level 9. HP: 58/81 MP: 8/8
  6032 | D:7      | Found a staircase to the Ecumenical Temple.
  6041 | Temple   | Entered the Ecumenical Temple
  6241 | D:8      | Found a sacrificial altar of Ru.
  6259 | D:8      | Found an ancient bone altar of Kikubaaqudgha.
  6273 | D:8      | Found a shattered altar of Ashenzari.
  6275 | D:8      | Found an opulent altar of Gozag.
  6276 | D:8      | Found a glowing golden altar of the Shining One.
  6277 | D:8      | Found a burning altar of Makhleb.
  6279 | D:8      | Found a shimmering altar of Xom.
  6280 | D:8      | Found a stormy altar of Qazlal.
  6392 | D:8      | Found Nuig's Antique Weapon Emporium.
  6418 | D:8      | Reached **** piety under Trog
  7193 | D:9      | Noticed Psyche
  7203 | D:9      | Killed Psyche
  7590 | D:9      | Found a shadowy altar of Dithmenos.
  7917 | D:10     | Entered Level 10 of the Dungeon
  7940 | D:10     | Noticed a hill giant
  7965 | D:10     | Slain by a hill giant

Skill      XL: |  1  2  3  4  5  6  7  8  9 |
---------------+----------------------------+-----
Fighting       | 4 5 6 8 9 |  9.4
Axes           | 4 5 6 7 9 |  9.0
Dodging        | 3 4 5 6 7 8 |  8.4
Stealth        | 1 |  1.5
Armour         | 3 5 6 8 |  8.2

Action                   |  1- 3 |  4- 6 |  7- 9 || total
-------------------------+-------+-------+-------++-------
Melee: Hand axe          |    91 |    79 |       ||   170
       Headbutt          |    17 |    15 |    47 ||    79
       War axe           |       |     7 |   245 ||   252
Invok: Berserk           |     1 |     1 |     3 ||     5
       Trog's Hand       |       |       |     1 ||     1
 Stab: Sleeping          |     2 |       |     2 ||     4
       Distracted        |       |       |     1 ||     1
  Eat: Chunk             |     2 |     7 |    16 ||    25
       Bread ration      |       |       |     1 ||     1
Armor: Animal skin       |    20 |    21 |       ||    41
       Leather armour    |       |     1 |    80 ||    81
Dodge: Dodged            |    65 |    53 |   208 ||   326
